 Dungeon Crawl Stone Soup version 0.30-a0-42-g806c11bf1d (webtiles) character file.

Game seed: 1014828468248268067

1207 IdlyInterested the Slasher (level 8, 0/96 HPs)
             Began as a Demonspawn Fighter on Aug 30, 2022.
             Succumbed to Duvessa's poison
             ... on level 5 of the Dungeon.
             The game lasted 00:17:03 (5694 turns).

IdlyInterested the Slasher (Demonspawn Fighter)     Turns: 5694, Time: 00:17:04

Health: 0/96       AC: 24    Str: 28    XL:     8   Next: 21%
Magic:  6/8        EV:  2    Int:  9    God:
Gold:   2          SH:  9    Dex: 16    Spells: 7/7 levels left

rFire   . . .      SeeInvis .    a - +0 long sword (vorpal)
rCold   . . .      Faith    .    c - +0 buckler
rNeg    . . .      Spirit   +    (body armour currently unavailable)
rPois   +          Reflect  .    (helmet currently unavailable)
rElec   .          Harm     .    (cloak currently unavailable)
rCorr   .          Rampage  .    (gloves currently unavailable)
Will    .....      NoTele   +    (boots currently unavailable)
Stlth   +.........               z - amulet of guardian spirit
HPRegen 0.26/turn                g - +6 ring of strength
MPRegen 0.11/turn                y - +6 ring of strength

@: lethally poisoned (0 -> -3), tree-form, hasted, very quick
A: stationary, stasis, torment immunity, boosted hp, repulsion field 1, demonic
guardian 1, condensation shield
a: no special abilities


You were on level 5 of the Dungeon.
You were a tree.
You visited 2 branches of the dungeon, and saw 6 of its levels.

You collected 139 gold pieces.
You spent 137 gold pieces at shops.

Inventory:

Hand Weapons
 a - a +0 vorpal long sword (weapon)
 b - a +0 long sword
 f - a +0 falchion
 i - a +0 falchion
 A - a +0 short sword of venom
Missiles
 t - 9 poisoned darts (quivered)
Armour
 c - a +0 buckler (worn)
 o - a scarf of invisibility
 q - a +1 helmet (melded)
 s - the +1 plate armour of Osiolad (melded) {*Slow Int+3 Dex+4}
   (You found it on level 3 of the Dungeon)

   Int:       It affects your intelligence (+3).
   Dex:       It affects your dexterity (+4).
   *Slow:     It may slow you when you take damage.
 v - a scarf of repulsion (melded)
 x - a +1 robe of fire resistance
Jewellery
 g - a +6 ring of strength (left branch)
 j - a ring of fire
 y - a +6 ring of strength (right branch)
 z - an amulet of guardian spirit (around neck)
Wands
 h - a wand of iceblast (11)
Scrolls
 d - a scroll of amnesia
 e - 2 scrolls of teleportation
Potions
 m - a potion of lignification


   Skills:
 - Level 6.0 Fighting
 * Level 6.7 Long Blades
 - Level 2.6 Armour
 + Level 3.6 Dodging
 - Level 2.6 Shields
 - Level 1.0 Evocations


You had 7 spell levels left.
You didn't know any spells.
Your spell library contained the following spells:

 Spells                   Type           Power      Damage    Failure   Level
 Magic Dart               Conj           0%         1d3       47%         1
 Call Imp                 Summ           0%         N/A       63%         2
 Gell's Gravitas          Tloc           0%         N/A       85%         3
 Mephitic Cloud           Conj/Pois/Air  0%         N/A       85%         3
 Portal Projectile        Hex/Tloc       0%         N/A       85%         3
 Teleport Other           Tloc           0%         N/A       85%         3
 Tukima's Dance           Hex            0%         N/A       85%         3
 Blade Hands              Tmut           0%         N/A       100%        5
 Dispersal                Tloc           0%         N/A       100%        6


Dungeon Overview and Level Annotations

Branches:
Dungeon (5/15)             Temple (1/1) D:4

Altars:
Fedhas
Qazlal
Ru
Sif Muna
Trog
Uskayaw
Vehumet
Wu Jian

Shops:
D:1 *(((   D:2 (   D:5 !?

Annotations:
D:5 Dowan


Innate Abilities, Weirdness & Mutations

You are a tree.
Your roots penetrate the ground, keeping you stationary.
You cannot be teleported.
You are immune to unholy pain and torment.
Your maximum health is greatly increased.
Your equipment is partially melded.
You are surrounded by a mild repulsion field. (EV +2)
A weak demonic guardian rushes to your aid.
A meltable shield of frost defends you. (SH +4)


Message History

You feel very sick. You block Duvessa's attack.
You hit Duvessa but do no damage.
Duvessa is moderately wounded.
* * * LOW HITPOINT WARNING * * *
You feel sick. Duvessa hits you but does no damage.
You hit Duvessa.
Duvessa is heavily wounded.
* * * LOW HITPOINT WARNING * * *
You feel sick. Duvessa hits you but does no damage.
You hit Duvessa.
Duvessa is heavily wounded.
* * * LOW HITPOINT WARNING * * *
You feel sick.
Unknown command.
You slash Duvessa!
Duvessa is severely wounded.
* * * LOW HITPOINT WARNING * * *
You feel sick. Duvessa hits you but does no damage.
Dowan mumbles some strange words.
Dowan blinks!
You hit Duvessa.
Duvessa is almost dead.
* * * LOW HITPOINT WARNING * * *
You feel sick. Duvessa hits you but does no damage.
You slash Duvessa!
You kill Duvessa!
You hear a distant wail of despair.
* * * LOW HITPOINT WARNING * * *
You feel sick.
Unknown command.
You barely miss the orc.
* * * LOW HITPOINT WARNING * * *
You feel sick. You block the orc's attack.
You closely miss the orc.
Dowan seems to find hidden reserves of power!
The orc hits you but does no damage.
You slash the orc!
You kill the orc!
You die...

** ########### **, ##.........#
*,,
.........#.##################**,,
≈≈≈≈≈≈≈≈.....................,,,,
..§.§.§≈....#################***,
.≈≈≈§≈e≈...........,,,,,,* **
.≈.o{§§≈....############,* *
.≈._{≈....e....)♣.......,* *
....o§.≈....############*********
.≈§≈§≈.≈.[..# ****,,,,,,,,,,,,
.§.....≈.#### *,,,,,*****,****
≈≈≈≈≈≈≈≈.* **,,,,,*,,,,,*
.........********,,,,,,*,*****
#########*,,,,,,,,,,,,,*,*,,,*
*,,,,,,**,,,,,*,*,,,*
***,,,,,*********,*,,,*


You could see Dowan (fast).

Vanquished Creatures
  The ghost of sirJeffrey23 the Cutter, an amateur DrMo (D:4)
  Sigmund (D:4)
  Duvessa (D:5)
  An orc warrior (D:5)
  A centaur (D:5)
  A necrophage (D:4)
  A jelly (D:2)
  An iguana (D:4)
  An orc wizard (D:4)
  9 adders
  An ufetubus (D:5)
  A worm (D:3)
  11 orcs
  6 endoplasms
  4 giant cockroaches
  4 goblins
  12 hobgoblins
  4 quokkas
  6 ball pythons
  8 bats
  2 frilled lizards
  14 kobolds
  A rat (D:2)
92 creatures vanquished.

Vanquished Creatures (collateral kills)
  An ogre (D:5)
  2 necrophages (D:5)
  An orc wizard (D:3)
  A worm (D:2)
  4 orcs
  4 endoplasms (D:2)
13 creatures vanquished.

Vanquished Creatures (others)
  5 toadstools (D:2)
5 creatures vanquished.

Grand Total: 110 creatures vanquished

Notes
Turn   | Place    | Note
-------+----------+-------------------------------------------
     0 | D:1      | IdlyInterested the Demonspawn Fighter began the quest for
                  | the Orb.
     0 | D:1      | Reached XP level 1. HP: 18/18 MP: 1/1
    50 | D:1      | Found Metin's Antique Weapon Emporium.
   102 | D:1      | Reached skill level 1 in Dodging
   134 | D:1      | Found Juid's General Store.
   146 | D:1      | Found Tuqox's Antique Weapon Shoppe.
   150 | D:1      | Found Miva's Antique Weapon Shop.
   166 | D:1      | Gained mutation: A weak demonic guardian rushes to your
                  | aid. [demonic ancestry]
   166 | D:1      | Reached XP level 2. HP: 21/24 MP: 2/2
   538 | D:1      | Bought a scroll of identify for 28 gold pieces
   756 | D:2      | Gained mutation: You are surrounded by a mild repulsion
                  | field. (EV +2) [demonic ancestry]
   756 | D:2      | Reached XP level 3. HP: 26/29 MP: 3/3
  1071 | D:2      | Reached XP level 4. HP: 34/35 MP: 4/4
  1475 | D:2      | Found Reoskasu's Weapon Shop.
  2327 | D:3      | Identified the +1 plate armour of Osiolad {*Slow Int+3
                  | Dex+4}
  2577 | D:3      | Reached skill level 1 in Evocations
  2577 | D:3      | Reached XP level 5. HP: 17/41 MP: 5/5
  3323 | D:1      | Bought a potion of heal wounds for 70 gold pieces
  3714 | D:4      | Noticed Sigmund
  3724 | D:4      | Killed Sigmund
  3725 | D:4      | Reached XP level 6. HP: 28/48 MP: 6/6
  3906 | D:4      | Found a staircase to the Ecumenical Temple.
  3915 | Temple   | Entered the Ecumenical Temple
  4125 | D:4      | Found a runed translucent gate.
  4126 | D:4      | Found a runed translucent gate.
  4126 | D:4      | Found a runed translucent gate.
  4127 | D:4      | Noticed sirJeffrey23's ghost (amateur DrMo)
  4739 | D:4      | Killed sirJeffrey23's ghost
  4740 | D:4      | Reached skill level 5 in Fighting
  4740 | D:4      | Reached skill level 5 in Long Blades
  4740 | D:4      | Reached XP level 7. HP: 41/56 MP: 5/7
  4962 | D:2      | Bought 5 poisoned darts for 24 gold pieces
  5013 | D:5      | Entered Level 5 of the Dungeon
  5033 | D:5      | Found Bohalank's Magic Scroll Boutique.
  5138 | D:5      | Found a blossoming altar of Fedhas.
  5169 | D:5      | Gained mutation: A meltable shield of frost defends you.
                  | (SH +4) [demonic ancestry]
  5169 | D:5      | Reached XP level 8. HP: 16/64 MP: 3/8
  5425 | D:5      | Found an ornate altar of the Wu Jian Council.
  5466 | D:5      | Found Bonehit's Distillery.
  5474 | D:5      | Bought a potion of degeneration for 15 gold pieces
  5482 | D:5      | Noticed Dowan
  5483 | D:5      | Noticed Duvessa
  5629 | D:5      | Found a shimmering blue altar of Sif Muna.
  5689 | D:5      | HP: 4/96 [poisoned by Duvessa]
  5691 | D:5      | Killed Duvessa
  5692 | D:5      | HP: 1/96 [poisoned by Duvessa]
  5694 | D:5      | Succumbed to Duvessa's poison

Illustrated notes

Levels and vault maps discovered:
D:1:      amcnicky_arrival_single_pillar, layout_rooms, serial_shops,
          nicolae_shop_hallway_stairs, nicolae_shop_competitors_out_of_business,
          nicolae_shop_overgrown_old_shop, shop
D:2:      cheibrodos_fertilizer, layout_basic, serial_shops, shop
D:3:      layout_loops_ring
D:4:      layout_loops_corners, minmay_temple_entry_wispy,
          ebering_ghost_rock_garden, nicolae_elevator_lobby_asterisk,
          uniq_sigmund
D:5:      layout_basic, grunt_temple_overflow_champion_of_chaos,
          mainiacjoe_overflow_large_starburst,
          mainiacjoe_overflow_concentric_impassable, fedhas_altar_1,
          serial_shops, shop, nicolae_shop_bloodbath_and_beyond,
          nicolae_stop_n_shop_2, serial_co_window_serial, co_window_paths_b,
          co_window_paths_a, co_window_paths_b, co_window_corner_a,
          co_window_paths_a, co_window_broadway_a, co_window_unsneaky_path_b,
          co_window_of_opportunity_c, co_window_corner_b, co_window_corner_b,
          co_window_of_opportunity_c, co_window_of_opportunity_b,
          glass_columns_b, glass_columns_c, uniq_duvessa, uniq_menkaure
Temple:   hellmonk_temple_flake

Skill      XL: |  1  2  3  4  5  6  7 |
---------------+----------------------+-----
Long Blades    | 2 3 4 5 6 |  6.7
Dodging        | 1 2 3 |  3.6
Evocations     | 1 |  1.0
Fighting       | 4 5 6 |  6.0
Armour         | |  2.6
Shields        | |  2.6

Action                   |  1- 3 |  4- 6 |  7- 9 || total
-------------------------+-------+-------+-------++-------
Melee: Long sword        |    89 |   174 |    38 ||   301
Throw: Dart              |       |     1 |     2 ||     3
Evoke: Wand              |       |       |     6 ||     6
  Use: Scroll            |     2 |     2 |     4 ||     8
       Potion            |       |     3 |     4 ||     7
Armor: Scale mail        |    14 |       |       ||    14
       Chain mail        |    41 |    34 |       ||    75
       Plate armour      |       |    49 |    12 ||    61
       Skin              |       |       |     9 ||     9
Dodge: Dodged            |    47 |    72 |    14 ||   133
Block: Buckler           |    14 |    40 |    19 ||    73

Table legend: (Time is in decaauts)
 A = Elapsed time spent in this place.
 B = Non-inter-level travel time spent in this place.
 C = Inter-level travel time spent in this place.
 D = Time resting spent in this place.
 E = Time spent auto-exploring this place.
 F = Levels seen in this place.
 G = Mean time per level.
                   A        B        C        D        E       F      G
               +--------+--------+--------+--------+--------+-----+--------+
         Total |   5776 |   4938 |    838 |    788 |   2950 |   6 |  962.7 |
       Dungeon |   5626 |   4797 |    829 |    788 |   2817 |   5 | 1125.2 |
        Temple |    149 |    140 |      9 |      0 |    133 |   1 |  149.0 |
               +--------+--------+--------+--------+--------+-----+--------+

Top non-repeatable levels by time:
     D:2: 2056 daAuts
     D:4: 1258 daAuts
     D:3: 1014 daAuts
     D:1: 683 daAuts
     D:5: 613 daAuts
  Temple: 149 daAuts
